 Dungeon Crawl Stone Soup version 0.31-a0-1547-g618ab1f346 (webtiles) character file.

Game seed: 15383109077787210177

161 MacCMillion the Ducker (level 5, -6/37 HPs)
             Began as a Merfolk Shapeshifter on Jan 2, 2024.
             Mangled by Sigmund
             ... wielding a +0 scythe
              (10 damage)
             ... on level 3 of the Dungeon.
             The game lasted 00:04:15 (3756 turns).

MacCMillion the Ducker (Merfolk Shapeshifter)       Turns: 3756, Time: 00:04:16

Health: -6/37      AC:  5    Str: 17    XL:     5   Next: 42%
Magic:  5/5        EV: 12    Int:  9    God:
Gold:   83         SH:  0    Dex: 13    Spells: 4/4 levels left

rFire   . .          .
                       - Unarmed
rCold   . . .        (no shield)
rNeg    . . .        i - +0 ring mail
rPois   .            (helmet currently unavailable)
rElec   .            (cloak currently unavailable)
rCorr   .            (gloves currently unavailable)
SInv    .            (boots currently unavailable)
Will    .....        (no amulet) Stlth
                     o - ring of flight
HPRegen 0.26/turn    (no ring)
MPRegen 0.09/turn

%: no passive effects
@: confused, lethally poisoned (-6 -> -13), beast-form, flying
A: beast (slay +2), (nimble swimmer 2), mertail
a: Begin Untransformation


You were on level 3 of the Dungeon.
You were a hulking beast.
You visited 1 branch of the dungeon, and saw 3 of its levels.

You collected 83 gold pieces.

Inventory:

Missiles
 b - 2 poisoned darts
 h - a throwing net
 n - 5 javelins
Armour
 f - a +0 cloak
 i - a +0 ring mail (worn)
Jewellery
 g - a ring of ice
 k - a ring of magical power
 o - a ring of flight (left hand)
Talismans
 c - a beast talisman
 d - a flux talisman
Scrolls
 a - a scroll of noise {unknown}
 e - 5 scrolls of identify {unknown}
 j - 2 scrolls of fear {unknown}
 l - a scroll of silence {unknown}
 m - a scroll of enchant armour {unknown}
 p - a scroll of immolation {unknown}


   Skills:
 - Level 1.1 Fighting
 + Level 5.4 Dodging
 + Level 5.1 Unarmed Combat
 - Level 4.0 Shapeshifting


You had 4 spell levels left.
You didn't know any spells.
Your spell library contained the following spells:

 Spells                   Type           Power      Damage    Failure   Level
 Static Discharge         Conj/Air       0%         3-3/arc   75%         2
 Airstrike                Air            0%         2d(0-16)  100%        4
 Summon Lightning Spire   Summ/Air       0%         N/A       100%        4
 Sculpt Simulacrum        Ice/Alch       0%         N/A       100%        6
 Ozocubu's Refrigeration  Ice            0%         4d7       100%        7
 Polar Vortex             Ice            0%         N/A       100%        9


Dungeon Overview and Level Annotations

Branches:
Dungeon (3/15)

Altars:

Annotations:
D:3 Ijyb, Sigmund


Innate Abilities, Weirdness & Mutations

You are a hulking beast.
Your limbs bulge with bestial killing power. (Slay +2)
((You are very nimble when in or above water. (Stealth+, EV+, Speed+++)))
Your lower body shifts to a powerful aquatic tail in water.


Message History

You escape the roots grasp.
The kobold throws a poisoned dart.
The poisoned dart barely misses you.
There is an open door here.
Ijyb zaps a wand.
The roots erupt in riotous growth!
The grasping roots grab you! The grasping roots constrict you.
* * * LOW HITPOINT WARNING * * *
You reach down and close the door.
The roots lose their grip on you.
Ijyb opens the door.
The kobold throws a poisoned dart.
The poisoned dart hits you!
You are poisoned.
You feel sick.
You feel sick.
You aren't carrying any potions.
Unknown command.
You feel sick.
You feel sick.
You feel sick.
You feel sick.
You feel sick.
You are no longer poisoned.
Sigmund shouts!
Sigmund points at you and mumbles some strange words.
You resist with some effort. Sigmund casts a spell at you.
You are confused.
There is an open door here.
You bump into the rock wall.
You bump into the rock wall.
The kobold throws a poisoned dart.
The poisoned dart closely misses you.
The poisoned dart hits Sigmund.
Sigmund is poisoned.
Sigmund hits you with a +0 scythe.
* * * LOW HITPOINT WARNING * * *
The kobold throws a poisoned dart.
The poisoned dart hits you!
You are lethally poisoned!
* * * LOW HITPOINT WARNING * * *
You feel sick.
Sigmund hits you from afar with a +0 scythe!
You die...
Sigmund begins carving another notch in his scythe.

#.##.#.....# #.....#
#.##.#.##### #######
#.##.#.# #.##.#.#
######### ##.##.#.#
#.......# #.# #.......#
####.# #....<..# #.#..#.#
#.......# #.....†#
#.h.....#
#######.#######.......###
........gK....'.@.....'.#
#######..######.......#.#
######..# #.......#{#
#...K...# #.......#.#
#K#####.# #########.#
#.#.....# #.#########
#.##.#### #.........S


You could see Sigmund (poisoned).

Vanquished Creatures
  Terence (D:3)
  5 adders
  3 ribbon worms
  A dart slug (D:1)
  11 bats
  7 endoplasms
  2 giant cockroaches (D:2)
  9 goblins
  5 hobgoblins
  8 jackals
  4 quokkas
  5 ball pythons
  5 frilled lizards
  7 kobolds
  8 rats
81 creatures vanquished.

Notes
Turn   | Place    | Note
-------+----------+-------------------------------------------
     0 | D:1      | MacCMillion the Merfolk Shapeshifter began the quest for
                  | the Orb.
     0 | D:1      | Reached XP level 1. HP: 15/15 MP: 1/1
   287 | D:1      | Reached XP level 2. HP: 13/21 MP: 2/2
   594 | D:1      | Reached XP level 3. HP: 23/26 MP: 3/3
  1659 | D:2      | Reached XP level 4. HP: 23/32 MP: 4/4
  3098 | D:3      | Noticed Sigmund
  3205 | D:3      | Reached skill level 5 in Dodging
  3345 | D:3      | Reached XP level 5. HP: 37/37 MP: 5/5
  3463 | D:3      | Noticed Terence
  3476 | D:3      | Killed Terence
  3477 | D:3      | Reached skill level 5 in Unarmed Combat
  3481 | D:3      | Identified the +1 dagger of Shrieking Terror {heavy, Str+2
                  | Int+5}
  3709 | D:3      | Noticed Ijyb
  3756 | D:3      | Mangled by Sigmund

Illustrated notes

Levels and vault maps discovered:
D:1:      dpeg_chamrin_arrival_tetris, layout_loops_ring, minmay_octomino_j4
D:2:      layout_loops_ring, serial_forest, infiniplex_forest_end_2,
          infiniplex_forest_clump_medium, infiniplex_forest_straight_2,
          infiniplex_forest_lined_2, infiniplex_forest_corner_1,
          infiniplex_forest_lined_corner, infiniplex_forest_end_1,
          minmay_misc_feat_tower, minmay_joined_circles
D:3:      layout_basic, grunt_decor_one_mirror, uniq_ijyb, uniq_sigmund,
          uniq_terence

Skill      XL: |  1  2  3  4  5 |
---------------+----------------+-----
Dodging        | 3 4 5 |  5.4
Unarmed Combat | 4 5 |  5.1
Fighting       | |  1.1
Shapeshifting  | |  4.0

Action                     |  1- 3 |  4- 6 || total
---------------------------+-------+-------++-------
  Melee: Unarmed           |   121 |   126 ||   247
         Punch             |     1 |     4 ||     5
    Use: Potion            |       |     1 ||     1
 Armour: Animal skin       |    32 |       ||    32
         Ring mail         |    44 |    45 ||    89
  Dodge: Dodged            |    62 |    52 ||   114

Table legend: (Time is in decaauts)
 A = Elapsed time spent in this place.
 B = Non-inter-level travel time spent in this place.
 C = Inter-level travel time spent in this place.
 D = Time resting spent in this place.
 E = Time spent auto-exploring this place.
 F = Levels seen in this place.
 G = Mean time per level.
                   A        B        C        D        E       F      G
               +--------+--------+--------+--------+--------+-----+--------+
         Total |   3737 |   3388 |    349 |    973 |   1865 |   3 | 1245.7 |
       Dungeon |   3737 |   3388 |    349 |    973 |   1865 |   3 | 1245.7 |
               +--------+--------+--------+--------+--------+-----+--------+

Top non-repeatable levels by time:
     D:2: 1927 daAuts
     D:1: 1180 daAuts
     D:3: 629 daAuts
